| TOP OF THE 1ST |
|
Renton Wrecks batting - Pitching for Coos Bay-North Bend Blue Soxs : RHP Leo Rico
|
|
Pitching: RHP Leo Rico
|
|
|
Batting: LHB Juan Bustabad
|
0-0: Called Strike 0-1: Ball 1-1: Ball 2-1: Ball 3-1: Base on Balls
|
|
Batting: SHB Ethan Charles
|
0-0: Ball 1-0: Called Strike 1-1: Ball 2-1: Ball 3-1: Base on Balls Juan Bustabad to second
|
|
Batting: SHB Dave Cochrane
|
0-0: Ball 1-0: Called Strike 1-1: Ball 2-1: Ball 3-1: Foul Ball, location: 2F 3-2: Fly out, F8 (Line Drive, 8RD, EV 92.5 MPH)
|
|
Batting: RHB Jim Opie
|
0-0: Called Strike Juan Bustabad steals 3rd base (no throw) Ethan Charles to second 0-1: Ball 1-1: Ball 2-1: Swinging Strike 2-2: Foul Ball, location: 2F 2-2: Fly out, F9 (Flyball, 89M, EV 93.1 MPH) Runner from 3rd tags up, SCORES, no throw by RF
|
|
Batting: RHB Stan Holmes
|
0-0: Fly out, F8 (Flyball, 8LXD, EV 93.1 MPH)
|
| Top of the 1st over - 1 run, 0 hits, 0 errors, 1 left on base; Renton 1 - Coos Bay-North Bend 0 |
| BOTTOM OF THE 1ST |
|
Coos Bay-North Bend Blue Soxs batting - Pitching for Renton Wrecks : RHP Curtis Voyles
|
|
Pitching: RHP Curtis Voyles
|
|
|
Batting: LHB Herm Winningham
|
0-0: Ball 1-0: Foul Ball, location: 2F 1-1: Called Strike 1-2: TRIPLE (Flyball, 9LD, EV 106.3 MPH)
|
|
Batting: LHB Clay Smith
|
0-0: Swinging Strike 0-1: Foul Ball, location: 2F 0-2: Fly out, F9 (Flyball, 9LS, EV 94.4 MPH)
|
|
Batting: LHB Curt Reed
|
0-0: Ball 1-0: Called Strike 1-1: Swinging Strike 1-2: Ball 2-2: Foul Ball, location: 2F 2-2: Ground out 6-3 (Groundball, 6M, EV 106.3 MPH) Herm Winningham scores
|
|
Batting: SHB Paul Sokolowski
|
0-0: Ball 1-0: Ground out U3 (Groundball, 34S, EV 84.4 MPH)
|
| Bottom of the 1st over - 1 run, 1 hit, 0 errors, 0 left on base; Renton 1 - Coos Bay-North Bend 1 |
| TOP OF THE 2ND |
|
Renton Wrecks batting - Pitching for Coos Bay-North Bend Blue Soxs : RHP Leo Rico
|
|
Batting: RHB Jeffery Carl
|
0-0: Ball 1-0: Called Strike 1-1: Ball 2-1: Foul Ball, location: 2F 2-2: Ball 3-2: Foul Ball, location: 2F 3-2: Foul Ball, location: 2F 3-2: Foul Ball, location: 2F 3-2: Base on Balls
|
|
Batting: RHB Richard Rizzo
|
0-0: Ball 1-0: Ball 2-0: Ball 3-0: Called Strike 3-1: Foul Ball, location: 2F 3-2: Grounds into double play, 5-4-3 (Groundball, 5S, EV 83.1 MPH)
|
|
Batting: RHB Jose Leiva
|
0-0: Ball 1-0: Called Strike 1-1: Called Strike 1-2: Ball 2-2: Ball 3-2: Strikes out looking
|
| Top of the 2nd over - 0 runs, 0 hits, 0 errors, 0 left on base; Renton 1 - Coos Bay-North Bend 1 |
| BOTTOM OF THE 2ND |
|
Coos Bay-North Bend Blue Soxs batting - Pitching for Renton Wrecks : RHP Curtis Voyles
|
|
Batting: LHB Keith Hagman
|
0-0: Swinging Strike 0-1: Called Strike 0-2: Ball 1-2: SINGLE (Flyball, 3D, EV 90.6 MPH)
|
|
Batting: RHB Danny Quintana
|
0-0: Called Strike 0-1: Swinging Strike 0-2: Strikes out swinging
|
|
Batting: SHB Jim Beswick
|
0-0: Called Strike 0-1: Called Strike 0-2: Foul Ball, location: 2F 0-2: Foul Ball, location: 2F 0-2: Ball 1-2: Fly out, F8 (Flyball, 8RD, EV 96.9 MPH)
|
|
Batting: LHB Ronald Cardieri
|
0-0: Fielders Choice at 2nd, 6-4 (Groundball, 6, EV 82.5 MPH)
|
| Bottom of the 2nd over - 0 runs, 1 hit, 0 errors, 1 left on base; Renton 1 - Coos Bay-North Bend 1 |
| TOP OF THE 3RD |
|
Renton Wrecks batting - Pitching for Coos Bay-North Bend Blue Soxs : RHP Leo Rico
|
|
Batting: RHB Hector Cervantes
|
0-0: Ball 1-0: Ball 2-0: Called Strike 2-1: Ground out 6-3 (Groundball, 6, EV 105.0 MPH)
|
|
Batting: LHB Juan Bustabad
|
0-0: Foul Ball, location: 2F 0-1: Ball 1-1: Swinging Strike 1-2: Ball 2-2: Ground out 6-3 (Groundball, 6, EV 90.0 MPH)
|
|
Batting: SHB Ethan Charles
|
0-0: Called Strike 0-1: Ball 1-1: Ball 2-1: Foul Ball, location: 2F 2-2: Fly out, F8 (Flyball, 78D, EV 90.0 MPH)
|
| Top of the 3rd over - 0 runs, 0 hits, 0 errors, 0 left on base; Renton 1 - Coos Bay-North Bend 1 |
| BOTTOM OF THE 3RD |
|
Coos Bay-North Bend Blue Soxs batting - Pitching for Renton Wrecks : RHP Curtis Voyles
|
|
Batting: RHB James Niffenegger
|
0-0: Foul Ball, location: 2F 0-1: Ball 1-1: Ball 2-1: Swinging Strike 2-2: Ball 3-2: Foul Ball, location: 2F 3-2: Reached on error, E5 (Groundball, 5L, EV 82.5 MPH)
|
|
Batting: LHB Herm Winningham
|
0-0: Ball 1-0: Ball 2-0: Ball 3-0: Base on Balls James Niffenegger to second
|
|
Batting: LHB Clay Smith
|
0-0: Grounds into double play, 6-4-3 (Groundball, 6, EV 81.9 MPH) James Niffenegger to third
|
|
Batting: LHB Curt Reed
|
0-0: Called Strike 0-1: Ball 1-1: Swinging Strike 1-2: Ball 2-2: SINGLE (Line Drive, 7S, EV 89.4 MPH) James Niffenegger scores
|
|
Batting: SHB Paul Sokolowski
|
0-0: Called Strike 0-1: Called Strike 0-2: Ball 1-2: Ball 2-2: Fly out, F9 (Flyball, 9, EV 95.0 MPH)
|
| Bottom of the 3rd over - 1 run, 1 hit, 1 error, 1 left on base; Renton 1 - Coos Bay-North Bend 2 |
| TOP OF THE 4TH |
|
Renton Wrecks batting - Pitching for Coos Bay-North Bend Blue Soxs : RHP Leo Rico
|
|
Batting: SHB Dave Cochrane
|
0-0: SINGLE (Line Drive, 8LS, EV 98.8 MPH)
|
|
Batting: RHB Jim Opie
|
0-0: Called Strike 0-1: Called Strike 0-2: Ball 1-2: Grounds into double play, 6-4-3 (Groundball, 6, EV 92.5 MPH)
|
|
Batting: RHB Stan Holmes
|
0-0: Ball 1-0: Called Strike 1-1: Foul Ball, location: 2F 1-2: Ball 2-2: Foul Ball, location: 2F 2-2: Ground out 6-3 (Groundball, 6, EV 79.4 MPH)
|
| Top of the 4th over - 0 runs, 1 hit, 0 errors, 0 left on base; Renton 1 - Coos Bay-North Bend 2 |
| BOTTOM OF THE 4TH |
|
Coos Bay-North Bend Blue Soxs batting - Pitching for Renton Wrecks : RHP Curtis Voyles
|
|
Batting: LHB Keith Hagman
|
0-0: Ball 1-0: Ball 2-0: Foul Ball, location: 2F 2-1: TRIPLE (Flyball, 78XD, EV 109.4 MPH)
|
|
Batting: RHB Danny Quintana
|
0-0: Foul Ball, location: 2F 0-1: Called Strike 0-2: Ball 1-2: Foul Ball, location: 2F 1-2: Foul Ball, location: 2F 1-2: Fly out, F7 (Flyball, 7LD, EV 91.3 MPH) Runner from 3rd tags up, SCORES, no throw by LF
|
|
Batting: SHB Jim Beswick
|
0-0: Fly out, F8 (Flyball, 8RS, EV 91.9 MPH)
|
|
Batting: LHB Ronald Cardieri
|
0-0: Ball 1-0: Called Strike 1-1: SINGLE (Line Drive, 9S, EV 84.4 MPH)
|
|
Batting: RHB James Niffenegger
|
0-0: Fly out, F7 (Flyball, 7, EV 86.9 MPH)
|
| Bottom of the 4th over - 1 run, 2 hits, 0 errors, 1 left on base; Renton 1 - Coos Bay-North Bend 3 |
| TOP OF THE 5TH |
|
Renton Wrecks batting - Pitching for Coos Bay-North Bend Blue Soxs : RHP Leo Rico
|
|
Batting: RHB Jeffery Carl
|
0-0: Foul Ball, location: 2F 0-1: Ball 1-1: Ball 2-1: Foul Ball, location: 2F 2-2: Foul Ball, location: 2F 2-2: Fly out, F8 (Flyball, 8RM, EV 87.5 MPH)
|
|
Batting: RHB Richard Rizzo
|
0-0: Called Strike 0-1: SOLO HOME RUN (Line Drive, 7D, EV 96.9 MPH), Distance : 384 ft
|
|
Batting: RHB Jose Leiva
|
0-0: Ball 1-0: Ball 2-0: Called Strike 2-1: Foul Ball, location: 2F 2-2: Ball 3-2: Base on Balls
|
|
Batting: RHB Hector Cervantes
|
0-0: Called Strike 0-1: Ball 1-1: Swinging Strike 1-2: Strikes out swinging
|
|
Batting: LHB Juan Bustabad
|
0-0: Called Strike 0-1: SINGLE (Flyball, 56D, EV 83.8 MPH) Jose Leiva to second
|
|
Batting: SHB Ethan Charles
|
0-0: Ground out U3 (Groundball, 3S, EV 86.9 MPH)
|
| Top of the 5th over - 1 run, 2 hits, 0 errors, 2 left on base; Renton 2 - Coos Bay-North Bend 3 |
| BOTTOM OF THE 5TH |
|
Coos Bay-North Bend Blue Soxs batting - Pitching for Renton Wrecks : RHP Curtis Voyles
|
|
Batting: LHB Herm Winningham
|
0-0: Foul Ball, location: 2F 0-1: Foul Ball, location: 2F 0-2: Ball 1-2: Foul Ball, location: 2F 1-2: Foul Ball, location: 2F 1-2: Ball 2-2: Ball 3-2: Fly out, F7 (Line Drive, 7, EV 103.8 MPH)
|
|
Batting: LHB Clay Smith
|
0-0: Ball 1-0: Ball 2-0: Ball 3-0: Called Strike 3-1: Foul Ball, location: 2F 3-2: Foul Ball, location: 2F 3-2: Strikes out swinging
|
|
Batting: LHB Curt Reed
|
0-0: Foul Ball, location: 2F 0-1: Swinging Strike 0-2: Ground out 4-3 (Groundball, 4, EV 106.9 MPH)
|
| Bottom of the 5th over - 0 runs, 0 hits, 0 errors, 0 left on base; Renton 2 - Coos Bay-North Bend 3 |
| TOP OF THE 6TH |
|
Renton Wrecks batting - Pitching for Coos Bay-North Bend Blue Soxs : RHP Leo Rico
|
|
Batting: SHB Dave Cochrane
|
0-0: Called Strike 0-1: Ball 1-1: Swinging Strike 1-2: Ball 2-2: Ball 3-2: Ground out U3 (Groundball, 3, EV 102.5 MPH)
|
|
Batting: RHB Jim Opie
|
0-0: Foul Ball, location: 2F 0-1: Ball 1-1: Foul Ball, location: 2F 1-2: Foul Ball, location: 2F 1-2: Fly out, F9 (Flyball, 9, EV 93.8 MPH)
|
|
Batting: RHB Stan Holmes
|
0-0: Foul Ball, location: 2F 0-1: Ball 1-1: Foul Ball, location: 2F 1-2: Foul Ball, location: 2F 1-2: Ball 2-2: Ground out 6-3 (Groundball, 6, EV 80.0 MPH)
|
| Top of the 6th over - 0 runs, 0 hits, 0 errors, 0 left on base; Renton 2 - Coos Bay-North Bend 3 |
| BOTTOM OF THE 6TH |
|
Coos Bay-North Bend Blue Soxs batting - Pitching for Renton Wrecks : RHP Curtis Voyles
|
|
Pitching: RHP Gregory Norris
|
|
|
Batting: SHB Paul Sokolowski
|
0-0: Fly out, F8 (Flyball, 78M, EV 72.5 MPH)
|
|
Batting: LHB Keith Hagman
|
0-0: SINGLE (Flyball, 9LS, EV 85.0 MPH)
|
|
Batting: RHB Danny Quintana
|
0-0: Called Strike 0-1: Ball 1-1: Swinging Strike 1-2: Strikes out swinging
|
|
Batting: SHB Jim Beswick
|
0-0: Ball 1-0: Ball 2-0: Ball 3-0: Base on Balls Keith Hagman to second
|
|
Batting: LHB Ronald Cardieri
|
0-0: Ball 1-0: Called Strike 1-1: Ball 2-1: Foul Ball, location: 2F 2-2: Ball 3-2: Base on Balls Keith Hagman to third Jim Beswick to second
|
|
Batting: RHB James Niffenegger
|
0-0: Ball 1-0: Called Strike 1-1: Ball 2-1: Ball 3-1: Called Strike 3-2: Base on Balls Keith Hagman scores Jim Beswick to third Ronald Cardieri to second
|
|
Batting: LHB Herm Winningham
|
0-0: Ball 1-0: Ball 2-0: Ball 3-0: Foul Ball, location: 2F 3-1: Foul Ball, location: 2F 3-2: Foul Ball, location: 2F 3-2: Foul Ball, location: 2F 3-2: SINGLE (Flyball, 8LS, EV 90.6 MPH) Jim Beswick scores Ronald Cardieri to third James Niffenegger to second Ronald Cardieri scores James Niffenegger to third
|
|
Pitching: RHP Randolph Holt
|
|
|
Batting: LHB Clay Smith
|
0-0: Ball 1-0: SINGLE (Groundball, 4MD, EV 100.0 MPH) James Niffenegger scores Herm Winningham to second Runner from 2nd tries for 3rd, SAFE, no throw by CF
|
|
Batting: LHB Curt Reed
|
0-0: Ball 1-0: Ball 2-0: Ball 3-0: Base on Balls Clay Smith to second
|
|
Batting: SHB Paul Sokolowski
|
0-0: Ball 1-0: Ball 2-0: Fielders Choice at 2nd, 6-4 (Groundball, 6, EV 105.6 MPH)
|
| Bottom of the 6th over - 4 runs, 3 hits, 0 errors, 3 left on base; Renton 2 - Coos Bay-North Bend 7 |
| TOP OF THE 7TH |
|
Renton Wrecks batting - Pitching for Coos Bay-North Bend Blue Soxs : RHP Leo Rico
|
|
Batting: RHB Jeffery Carl
|
0-0: Called Strike 0-1: Ball 1-1: Called Strike 1-2: Fly out, F9 (Line Drive, 9, EV 91.3 MPH)
|
|
Batting: RHB Richard Rizzo
|
0-0: Ball 1-0: Foul Ball, location: 2F 1-1: SINGLE (Line Drive, 5D, EV 103.8 MPH)
|
|
Batting: RHB Jose Leiva
|
0-0: Called Strike 0-1: Fly out, F9 (Flyball, 9S, EV 84.4 MPH)
|
|
Batting: RHB Hector Cervantes
|
0-0: Ball Richard Rizzo steals 2nd base 1-0: Ground out U3 (Groundball, 3S, EV 81.3 MPH)
|
| Top of the 7th over - 0 runs, 1 hit, 0 errors, 1 left on base; Renton 2 - Coos Bay-North Bend 7 |
| BOTTOM OF THE 7TH |
|
Coos Bay-North Bend Blue Soxs batting - Pitching for Renton Wrecks : RHP Randolph Holt
|
|
Batting: LHB Keith Hagman
|
0-0: Foul Ball, location: 2F 0-1: Ball 1-1: Foul Ball, location: 2F 1-2: Ball 2-2: SINGLE (Groundball, 3D, EV 96.9 MPH)
|
|
Batting: RHB Danny Quintana
|
0-0: Ball 1-0: Ball 2-0: Ball 3-0: Base on Balls Keith Hagman to second
|
|
Batting: SHB Jim Beswick
|
0-0: Called Strike 0-1: Swinging Strike 0-2: SINGLE (Groundball, 13, EV 83.1 MPH) (infield hit) Keith Hagman to third Danny Quintana to second
|
|
Batting: LHB Ronald Cardieri
|
0-0: Ball 1-0: Swinging Strike 1-1: SINGLE (Line Drive, 7S, EV 113.8 MPH) Keith Hagman scores Danny Quintana to third Jim Beswick to second
|
|
Batting: RHB James Niffenegger
|
0-0: Called Strike 0-1: Called Strike 0-2: Foul Ball, location: 2F 0-2: Ball 1-2: Ball 2-2: Ball 3-2: DOUBLE (Line Drive, 78D, EV 106.3 MPH) Danny Quintana scores Jim Beswick scores Ronald Cardieri to third
|
|
Pinch Hitting: RHB Joseph Kubit
|
0-0: Ball 1-0: SINGLE (Groundball, 56D, EV 100.0 MPH) Ronald Cardieri scores James Niffenegger to third
|
|
Batting: LHB Clay Smith
|
0-0: Fly out, F9 (Flyball, 9D, EV 88.8 MPH) Throwing error, E9 James Niffenegger scores Joseph Kubit to second
|
|
Pitching: RHP Francis Cutty
|
|
|
Pinch Hitting: RHB James Wahlig
|
0-0: Swinging Strike 0-1: Called Strike 0-2: Strikes out swinging
|
|
Batting: SHB Paul Sokolowski
|
0-0: Ball 1-0: Fly out, F8 (Flyball, 8LD, EV 98.1 MPH)
|
| Bottom of the 7th over - 5 runs, 5 hits, 1 error, 1 left on base; Renton 2 - Coos Bay-North Bend 12 |
| TOP OF THE 8TH |
|
Renton Wrecks batting - Pitching for Coos Bay-North Bend Blue Soxs : RHP Leo Rico
|
|
Now in LF: James Wahlig
|
|
|
Now in RF: Joseph Kubit
|
|
|
Pinch Hitting: RHB Julian Gutierrez
|
0-0: Ball 1-0: Ground out 1-3 (Groundball, 15S, EV 72.5 MPH)
|
|
Batting: SHB Ethan Charles
|
0-0: Fly out, F9 (Flyball, 89D, EV 105.6 MPH)
|
|
Batting: SHB Dave Cochrane
|
0-0: Called Strike 0-1: Called Strike 0-2: Foul Ball, location: 2F 0-2: Ball 1-2: Fly out, F8 (Flyball, 8LS, EV 86.9 MPH)
|
| Top of the 8th over - 0 runs, 0 hits, 0 errors, 0 left on base; Renton 2 - Coos Bay-North Bend 12 |
| BOTTOM OF THE 8TH |
|
Coos Bay-North Bend Blue Soxs batting - Pitching for Renton Wrecks : RHP Francis Cutty
|
|
Now at 2B: Julian Gutierrez
|
|
|
Batting: LHB Keith Hagman
|
0-0: Ball 1-0: Swinging Strike 1-1: Foul Ball, location: 2F 1-2: Ball 2-2: Foul Ball, location: 2F 2-2: Ball 3-2: Foul Ball, location: 2F 3-2: Base on Balls
|
|
Batting: RHB Danny Quintana
|
0-0: Ball 1-0: Called Strike 1-1: Ball 2-1: Swinging Strike 2-2: DOUBLE (Groundball, 5L, EV 101.9 MPH) Keith Hagman to third Runner from 3rd tries for Home, SAFE, throw by LF to trailing runner, OUT at third! 7-6-5
|
|
Batting: SHB Jim Beswick
|
0-0: Swinging Strike 0-1: Ground out 6-3 (Groundball, 6, EV 90.0 MPH)
|
|
Batting: LHB Ronald Cardieri
|
0-0: Called Strike 0-1: Ground out 6-3 (Groundball, 6S, EV 85.0 MPH)
|
| Bottom of the 8th over - 1 run, 1 hit, 0 errors, 0 left on base; Renton 2 - Coos Bay-North Bend 13 |
| TOP OF THE 9TH |
|
Renton Wrecks batting - Pitching for Coos Bay-North Bend Blue Soxs : RHP Leo Rico
|
|
Pitching: RHP Rocky Gainer
|
|
|
Pinch Hitting: RHB Frank Garcia
|
0-0: Ball 1-0: Ball 2-0: Called Strike 2-1: Ball 3-1: Swinging Strike 3-2: Base on Balls
|
|
Batting: RHB Stan Holmes
|
0-0: Ball 1-0: Ball 2-0: Ball 3-0: Base on Balls Frank Garcia to second
|
|
Batting: RHB Jeffery Carl
|
0-0: Ball 1-0: Foul Ball, location: 2F 1-1: Grounds into double play, 5-4-3 (Groundball, 56S, EV 91.9 MPH) Frank Garcia to third
|
|
Batting: RHB Richard Rizzo
|
0-0: Ball 1-0: Ball 2-0: Called Strike 2-1: Ball 3-1: Ground out 5-3 (Groundball, 15, EV 91.3 MPH)
|
| Top of the 9th over - 0 runs, 0 hits, 0 errors, 1 left on base; Renton 2 - Coos Bay-North Bend 13 |
|